 Dungeon Crawl Stone Soup version 0.31-a0-278-g485e682e34 (webtiles) character file.

Game seed: 16644643712778512785

44 AdnanSaban the Covered (level 3, -5/24 HPs)
             Began as a Gargoyle Fighter on July 16, 2023.
             Killed from afar by an orc wizard (12 damage)
             ... with a magic dart
             ... on level 3 of the Dungeon.
             The game lasted 00:02:12 (1913 turns).

AdnanSaban the Covered (Gargoyle Fighter)           Turns: 1913, Time: 00:02:13

Health: -5/24      AC: 11    Str: 21    XL:     3   Next: 60%
Magic:  3/3        EV:  9    Int:  8    God:
Gold:   106        SH:  9    Dex:  9    Spells: 2/2 levels left

rFire   . . .        a - +0 flail
rCold   . . .        c - +0 buckler
rNeg    + . .        b - +0 scale mail
rPois   ∞            (no helmet)
rElec   +            (no cloak)
rCorr   .            m - +0 pair of gloves
SInv    .            (no boots)
Will    .....        e - amulet of reflection Stlth
                     (no ring)
HPRegen 0.24/turn    (no ring)
MPRegen 0.08/turn

%: reflection
@: no status effects
A: sickness immunity, AC +3, negative energy resistance 1, electricity
resistance, torment resistance 1, petrification resistance
a: no special abilities


You were on level 3 of the Dungeon.
You visited 1 branch of the dungeon, and saw 4 of its levels.

You collected 106 gold pieces.

Inventory:

Hand Weapons
 a - a +0 flail (weapon)
Armour
 b - a +0 scale mail (worn)
 c - a +0 buckler (worn)
 m - a +0 pair of gloves (worn)
Jewellery
 e - an amulet of reflection (around neck)
Wands
 o - a wand of paralysis (4)
Scrolls
 h - a scroll of teleportation {unknown}
 j - a scroll of identify {unknown}
 k - a scroll of poison {unknown}
 p - a scroll of torment {unknown}
 q - a scroll of vulnerability {unknown}
Potions
 d - a potion of might
 f - 2 potions of heal wounds {unknown}
 g - a potion of cancellation {unknown}
 i - 2 potions of curing {unknown}
 l - a potion of brilliance {unknown}
 n - 2 potions of haste {unknown}


   Skills:
 + Level 3.6 Fighting
 + Level 2.6 Maces & Flails
 + Level 3.8 Armour
 + Level 3.7 Shields


You had 2 spell levels left.
You didn't know any spells.
Your spell library contained the following spells:

 Spells                   Type           Power      Damage    Failure   Level
 Magic Dart               Conj           0%         1d3       82%         1
 Call Imp                 Summ           0%         N/A       91%         2
 Mephitic Cloud           Conj/Pois/Air  0%         N/A       99%         3


Dungeon Overview and Level Annotations

Branches:
Dungeon (4/15)
 Temple: D:4-7

Altars:
Sif Muna


Innate Abilities, Weirdness & Mutations

You are immune to sickness and miasma.
Your stone body is resilient. (AC +3)
You are immune to poison.
You resist negative energy. (rN+)
You are resistant to electric shocks. (rElec)
You are resistant to unholy torment.
You are immune to petrification.


Message History

You are confused.
Something hits you but does no damage.
You hear some strange, mumbled words.
A magic dart appears from out of thin air!
The magic dart hits you!
* * * LOW HITPOINT WARNING * * *
You hear some strange, mumbled words.
A puff of flame appears from out of thin air!
The puff of flame misses you. Something hits you.
* * * LOW HITPOINT WARNING * * *
Something hits you but does no damage.
You feel less confused. Something hits you but does no damage.
Things that are here:
a +0 trident; an orc corpse You thump something!
You block something's attack.
You miss something. Something hits you but does no damage.
You barely miss something.
Something hits you but does no damage. x2
You hit something.
You hear some strange, mumbled words.
You are confused.
You completely miss something. Something hits you.
* * * LOW HITPOINT WARNING * * *
Something hits you but does no damage.
You're too confused to move!
Something hits you but does no damage. Something hits you but does no damage.
You hear some strange, mumbled words.
Something tries to affect you, but you resist.
You bump into the rock wall.
You feel less confused.
You miss something. Something hits you but does no damage.
You miss something. Something hits you but does no damage.
You block something's attack.
You miss something.
You hear some strange, mumbled words.
A magic dart appears from out of thin air!
The magic dart hits you!
Ouch! That really hurt!
You die...

## #### #. ..# #.
#.###### #.
#......### ##
#.###)#.#.....
#..[#...)....#.#
#..........{@.#
#...#.##.#...## #.#
#. #.##[## ....
♣♣♣♣♣♣♣##.# #.#
♣.....♣ #.# #.#
♣.._..♣##'## #.#
♣♣...♣♣#...##
#.#####...##.....##
#.##....###.......###


There were no monsters in sight!

Vanquished Creatures
  A gnoll (D:1)
  A dart slug (D:1)
  3 orcs (D:3)
  2 endoplasms (D:2)
  4 goblins
  A hobgoblin (D:1)
  4 jackals (D:2)
  3 kobolds
  3 quokkas
  2 ball pythons (D:1)
  2 rats
26 creatures vanquished.

Notes
Turn   | Place    | Note
-------+----------+-------------------------------------------
     0 | D:1      | AdnanSaban the Gargoyle Fighter began the quest for the
                  | Orb.
     0 | D:1      | Reached XP level 1. HP: 14/14 MP: 1/1
     2 | D:1      | Noticed a spriggan
     2 | D:1      | Noticed an octopode
     4 | D:1      | Noticed an ogre
     4 | D:1      | Noticed a vine stalker
     6 | D:1      | Noticed a draconian
     6 | D:1      | Noticed a vampire
     8 | D:1      | Noticed a formicid
     8 | D:1      | Noticed a merfolk
    10 | D:1      | Noticed a demigod
    10 | D:1      | Noticed a ghoul
    12 | D:1      | Noticed a gargoyle
    14 | D:1      | Noticed a demonspawn
    14 | D:1      | Noticed a minotaur
    16 | D:1      | Noticed a felid
    18 | D:1      | Noticed a troll
    20 | D:1      | Noticed a tengu
    20 | D:1      | Noticed a human
    22 | D:1      | Noticed an armataur
    22 | D:1      | Noticed an elf
    24 | D:1      | Noticed a meteoran
    26 | D:1      | Noticed a vampire
    26 | D:1      | Noticed a merfolk
    68 | D:1      | Reached XP level 2. HP: 6/19 MP: 2/2
   855 | D:1      | Found a faded altar of an unknown god.
  1202 | D:2      | Reached XP level 3. HP: 23/23 MP: 3/3
  1682 | D:2      | You fall into a shaft and drop 2 floors!
  1850 | D:3      | Found a shimmering blue altar of Sif Muna.
  1913 | D:3      | Killed from afar by an orc wizard

Illustrated notes

Levels and vault maps discovered:
D:1:      kb_arrival_jail, layout_basic,
          dreamdust_ecumenical_altar_angels_and_demons, serial_forest,
          infiniplex_forest_straight_3, infiniplex_forest_end_1,
          infiniplex_forest_end_2, infiniplex_forest_lined_4_way,
          infiniplex_forest_end_3, infiniplex_forest_straight_4,
          infiniplex_forest_lined_3_way
D:2:      layout_basic, fountainhead
D:3:      layout_loops_corners, nemelex_spade_bored_becter,
          mainiacjoe_overflow_alcove_1, chequers_serial_rivers_small_3
D:4:      layout_cave_pools, enter_ossuary_4, minmay_ogre_servants

Action                     || total
---------------------------++-------
  Melee: Flail             ||    98
 Armour: Scale mail        ||    48
  Dodge: Dodged            ||    30
  Block: Buckler           ||    49
         Reflection        ||     1

Table legend: (Time is in decaauts)
 A = Elapsed time spent in this place.
 B = Non-inter-level travel time spent in this place.
 C = Inter-level travel time spent in this place.
 D = Time resting spent in this place.
 E = Time spent auto-exploring this place.
 F = Levels seen in this place.
 G = Mean time per level.
                   A        B        C        D        E       F      G
               +--------+--------+--------+--------+--------+-----+--------+
         Total |   1945 |   1752 |    193 |      0 |   1489 |   4 |  486.2 |
       Dungeon |   1945 |   1752 |    193 |      0 |   1489 |   4 |  486.2 |
               +--------+--------+--------+--------+--------+-----+--------+

Top non-repeatable levels by time:
     D:1: 1180 daAuts
     D:2: 596 daAuts
     D:3: 159 daAuts
     D:4: 7 daAuts
